 Dungeon Crawl Stone Soup version 0.32-a0-560-g4c7f4391e0 (webtiles) character file.

Game seed: 4974411295734785489

116 retardedninja the Trooper (level 4, -6/40 HPs)
             Began as a Mountain Dwarf Fighter on Feb 29, 2024.
             Killed from afar by an orc wizard (8 damage)
             ... with a puff of flame
             ... on level 3 of the Dungeon.
             The game lasted 00:02:05 (1932 turns).

retardedninja the Trooper (Mountain Dwarf Fighter)  Turns: 1932, Time: 00:02:06

Health: -6/40      AC:  7    Str: 18 (20) XL:     4   Next: 69%
Magic:  4/4        EV:  9    Int:  8 (9)  God:
Gold:   100        SH:  0    Dex:  9      Spells: 3/3 levels left

rFire   . . .        a - +0 war axe
rCold   . . .        c - +0 buckler
rNeg    . . .        b - +0 scale mail
rPois   .            (no helmet)
rElec   .            (no cloak)
rCorr   .            (no gloves)
SInv    .            (no boots)
Will    .....        (no amulet) Stlth
                     (no ring)
HPRegen 0.26/turn    (no ring)
MPRegen 0.09/turn

%: no passive effects
@: confused, mighty
A: runic magic, artefact enchanting
a: no special abilities


You were on level 3 of the Dungeon.
You visited 1 branch of the dungeon, and saw 3 of its levels.

You collected 100 gold pieces.

Inventory:

Hand Weapons
 a - a +0 war axe (weapon)
Armour
 b - a +0 scale mail (worn)
 c - a +0 buckler (worn)
 f - a scarf of repulsion
 i - a scarf of resistance
 l - a +2 pair of gloves
Scrolls
 e - a scroll of teleportation {unknown}
 g - a scroll of revelation {unknown}
 h - a scroll of identify {unknown}
 k - a scroll of blinking {unknown}
 m - a scroll of vulnerability {unknown}
Potions
 d - a potion of might
 j - a potion of degeneration


   Skills:
 * Level 4.2 Fighting
 * Level 3.8 Axes
 + Level 4.0 Armour
 + Level 4.0 Shields


You had 3 spell levels left.
You didn't know any spells.
Your spell library contained the following spells:

 Spells                   Type           Power      Damage    Failure   Level
 Inner Flame              Hex/Fire       0%         N/A       91%         3
 Irradiate                Conj/Alch      0%         3d11      100%        5
 Ignition                 Fire           0%         3d3       100%        8


Dungeon Overview and Level Annotations

Branches:
Dungeon (3/15)

Altars:
Zin


Innate Abilities, Weirdness & Mutations

Your spellcasting is much less encumbered by armour.
You can use scrolls of enchantment on lesser artefacts.


Message History

Your Armour skill increases to level 4!
Your Shields skill increases to level 4!
You shake off some of the fire as you move.
The liquid fire burns you! The orc attacks as it pursues you!
The orc hits you but does no damage.
You barely miss the orc. The liquid fire burns you!
The orc hits you but does no damage. The orc closely misses you.
You slash the orc!
You kill the orc!
The liquid fire burns you!
* * * LOW HITPOINT WARNING * * *
You slash the orc!
You kill the orc!
The liquid fire burns you!
* * * LOW HITPOINT WARNING * * *
The orc wizard casts a spell.
The orc wizard flickers and vanishes!
Deactivating autopickup; reactivate with Ctrl-A.
You shake off the liquid fire.
Something hits you but does no damage.
Things that are here:
a +0 whip; a +0 whip; an orc corpse You closely miss something.
You hear some strange, mumbled words.
You are confused.
Something hits you.
* * * LOW HITPOINT WARNING * * *
You closely miss something. Something hits you.
* * * LOW HITPOINT WARNING * * *
You bump into the rock wall.
You hear some strange, mumbled words.
A magic dart appears from out of thin air!
The magic dart hits you.
* * * LOW HITPOINT WARNING * * *
Something hits you but does no damage.
You hear some strange, mumbled words.
A puff of flame appears from out of thin air!
The puff of flame hits you!
You die...

.....##...###.# .#..
.....###).###.###.....
.......))............
.....#..)......<....#
... #<...........#.# .
###.###.........
#.###..###.#.
#.#....#...#
.##...##.@.#.##..
.....###...†......
.##....{.........
......####$.......
##... ##....... ....
....... ##. ....... ..
##..... # ....


There were no monsters in sight!

Vanquished Creatures
  A bombardier beetle (D:3)
  An adder (D:2)
  3 ribbon worms
  A dart slug (D:1)
  6 orcs (D:3)
  3 ball pythons
  6 endoplasms
  A goblin (D:1)
  5 hobgoblins
  3 jackals (D:1)
  4 quokkas
  2 bats
  5 frilled lizards
  6 kobolds
  5 rats
52 creatures vanquished.

Notes
Turn   | Place    | Note
-------+----------+-------------------------------------------
     0 | D:1      | retardedninja the Mountain Dwarf Fighter began the quest
                  | for the Orb.
     0 | D:1      | Reached XP level 1. HP: 19/19 MP: 1/1
   117 | D:1      | Reached XP level 2. HP: 18/26 MP: 2/2
   792 | D:1      | Reached XP level 3. HP: 26/31 MP: 3/3
   885 | D:2      | Found a glowing silver altar of Zin.
  1790 | D:3      | Reached XP level 4. HP: 17/40 MP: 4/4
  1930 | D:3      | HP: 1/40 [something/magic dart (4)]
  1932 | D:3      | Killed from afar by an orc wizard

Illustrated notes

Levels and vault maps discovered:
D:1:      minmay_arrival_jagged, layout_basic
D:2:      layout_loops_cross, basic_altar, kennysheep_pointless_box,
          chequers_serial_rivers_marsh, nicolae_elevator_lobby_asterisk
D:3:      layout_rooms, feat_on_display

Skill      XL: |  1  2  3  4 |
---------------+-------------+-----
Axes           | 3 |  3.8
Fighting       | 4 |  4.2
Armour         | 4 |  4.0
Shields        | 4 |  4.0

Action                     |  1- 3 |  4- 6 || total
---------------------------+-------+-------++-------
  Melee: War axe           |   122 |    20 ||   142
    Use: Potion            |     2 |     1 ||     3
 Armour: Scale mail        |   130 |    13 ||   143
  Dodge: Dodged            |    61 |    11 ||    72
  Block: Buckler           |    27 |     1 ||    28

Table legend: (Time is in decaauts)
 A = Elapsed time spent in this place.
 B = Non-inter-level travel time spent in this place.
 C = Inter-level travel time spent in this place.
 D = Time resting spent in this place.
 E = Time spent auto-exploring this place.
 F = Levels seen in this place.
 G = Mean time per level.
                   A        B        C        D        E       F      G
               +--------+--------+--------+--------+--------+-----+--------+
         Total |   1987 |   1931 |     56 |      0 |   1579 |   3 |  662.3 |
       Dungeon |   1987 |   1931 |     56 |      0 |   1579 |   3 |  662.3 |
               +--------+--------+--------+--------+--------+-----+--------+

Top non-repeatable levels by time:
     D:2: 929 daAuts
     D:1: 876 daAuts
     D:3: 182 daAuts
